 Dungeon Crawl Stone Soup version 0.29.0-4-gdea44cf6ec (webtiles) character file.

Game seed: 7908263549703969081

92 qw the Chopper (level 4, -2/26 HPs)
             Began as a Tengu Warper on Aug 28, 2022.
             Succumbed to a scorpion's poison
             ... on level 3 of the Dungeon.
             The game lasted 00:00:11 (2713 turns).

qw the Chopper (Tengu Warper)                       Turns: 2713, Time: 00:00:12

Health: -2/26      AC:  8    Str: 14    XL:     4   Next: 60%
Magic:  4/8        EV: 11    Int: 13    God:
Gold:   41         SH:  0    Dex: 13    Spells: 7/7 levels left

rFire   . . .      SeeInvis .   Y - +0 hand axe
rCold   . . .      Faith    .   (no shield)
rNeg    . . .      Spirit   +   e - +0 ring mail of Logit {rElec Will++}
rPois   .          Reflect  .   (helmet restricted)
rElec   +          Harm     .   h - +2 cloak
rCorr   .          Rampage  .   (no gloves)
Will    ++...                   (boots unavailable)
Stlth   +.........              f - amulet of guardian spirit
HPRegen 0.08/turn               (no ring)
MPRegen 0.11/turn               (no ring)

@: lethally poisoned (-2 -> -33)
A: beak, talons 3
a: no special abilities


You were on level 3 of the Dungeon.
You visited 1 branch of the dungeon, and saw 3 of its levels.

You collected 41 gold pieces.


Innate Abilities, Weirdness & Mutations

You have a beak for a mouth.
You have claws for feet.


   Skills:
 - Level 2.0 Fighting
 + Level 5.1 Axes
 - Level 1.0 Throwing
 - Level 1.1 Armour
 - Level 2.1 Dodging
 - Level 2.0 Spellcasting
 - Level 2.4 Translocations


You had 7 spell levels left.
You didn't know any spells.
Your spell library contained the following spells:

 Spells                   Type           Power      Damage    Failure   Level
 Blink                    Tloc           14%        N/A       30%         2
 Gell's Gravitas          Tloc           7%         N/A       52%         3
 Lesser Beckoning         Tloc           7%         N/A       52%         3
 Teleport Other           Tloc           7%         N/A       52%         3
 Manifold Assault         Tloc           7%         N/A       99%         5

Inventory:

Hand Weapons
 Y - a +0 hand axe (weapon)
Armour
 e - the +0 ring mail of Logit (worn) {rElec Will++}
   (You found it on level 2 of the Dungeon)

   rElec:     It insulates you from electricity.
   Will:      It greatly increases your willpower.
 h - a +2 cloak (worn)
Jewellery
 f - an amulet of guardian spirit (around neck)
Scrolls
 a - a scroll of fear {unknown}
 g - a scroll of identify
Potions
 b - a potion of lignification {unknown}
 d - a potion of heal wounds {unknown}
 i - a potion of ambrosia {unknown}

Dungeon Overview and Level Annotations

Branches:
Dungeon (3/15)

Altars:


Message History

a - a scroll labelled DEFERA ZOGORRA
b - a scroll of enchant armour
Enter note:
Enter note:
Enter note:
2692 ||| READING scroll of enchant armour.
As you read the scroll of enchant armour, it crumbles to dust.
Your +1 cloak glows green for a moment.
2692 ||| ENCHANTING +1 cloak.
b - a coppery potion A scorpion comes into view.
You barely miss the scorpion. Your kick misses the scorpion.
The scorpion stings you.
You are poisoned.
The scorpion poisons you!
You barely miss the scorpion.
You feel very sick. The scorpion stings you.
You hit the scorpion but do no damage.
You claw the scorpion, but do no damage.
You feel sick. The scorpion closely misses you.
The scorpion stings you but does no damage.
You closely miss the scorpion.
You feel sick.
The scorpion stings you but does no damage.
You closely miss the scorpion.
You claw the scorpion, but do no damage.
Your peck misses the scorpion.
You feel sick. The scorpion stings you.
You are lethally poisoned!
The scorpion poisons you!
You hit the scorpion but do no damage.
You claw the scorpion, but do no damage.
You feel very sick.
The scorpion stings you but does no damage.
The scorpion stings you.
You are more poisoned.
The scorpion poisons you!
You hit the scorpion.
The scorpion is moderately wounded.
You die...

............#
##........##....
..........# #...
....##...## #..#
..........## ...
...........#
...........#
...........#
.......@..##
....##s..##
......#### ....
8...8 ..#.. . ##


You could see a scorpion.

Vanquished Creatures
  A gnoll (D:2)
  2 adders
  A worm (D:2)
  4 dart slugs (D:1)
  5 bats
  5 endoplasms
  4 giant cockroaches
  A goblin (D:1)
  6 hobgoblins
  4 kobolds
  A quokka (D:2)
  7 ball pythons
  3 frilled lizards (D:2)
  7 rats
51 creatures vanquished.

Notes
Turn   | Place    | Note
-------+----------+-------------------------------------------
     0 | D:1      | qw the Tengu Warper began the quest for the Orb.
     0 | D:1      | Reached XP level 1. HP: 12/12 MP: 4/4
     0 | D:1      | 0 ||| qw: Version: 0.1-a-89-g26bdef1
     0 | D:1      | 0 ||| qw: Game counter: 2891
     0 | D:1      | 0 ||| qw: Always use a shield: true
     0 | D:1      | 0 ||| qw: God list: Okawaru
     0 | D:1      | 0 ||| qw: Allow faded altars: false
     0 | D:1      | 0 ||| qw: Do Orc after D:15 true
     0 | D:1      | 0 ||| qw: Do second Lair branch before Depths: true
     0 | D:1      | 0 ||| qw: Lair rune preference: random
     0 | D:1      | 0 ||| qw: Plans: Normal
     0 | D:1      | 0 ||| PLANNING D:1-11
    25 | D:1      | 25 ||| Stepping ~*~*~tactically~*~*~ (hiding).
   120 | D:1      | Reached skill level 3 in Axes
   120 | D:1      | Reached XP level 2. HP: 15/17 MP: 6/6
   164 | D:1      | 164 ||| Stepping ~*~*~tactically~*~*~ (hiding).
   749 | D:1      | Reached XP level 3. HP: 21/21 MP: 7/7
   809 | D:1      | 809 ||| Stepping ~*~*~tactically~*~*~ (stealth).
   959 | D:1      | 959 ||| Stepping ~*~*~tactically~*~*~ (hiding).
   960 | D:1      | 960 ||| Stepping ~*~*~tactically~*~*~ (hiding).
   970 | D:1      | Reached skill level 4 in Axes
   982 | D:1      | 982 ||| Stepping ~*~*~tactically~*~*~ (stealth).
   983 | D:1      | 983 ||| Stepping ~*~*~tactically~*~*~ (stealth).
  1246 | D:1      | 1246 ||| UPGRADING to amulet of guardian spirit.
  1251 | D:1      | 1251 ||| READING 2 scrolls labelled UJEUSS VADUT.
  1252 | D:1      | 1252 ||| READING 2 scrolls labelled WIG FUTUITH.
  1253 | D:1      | 1253 ||| DROPPING scroll of blinking.
  1429 | D:2      | 1429 ||| Stepping ~*~*~tactically~*~*~ (stealth).
  1605 | D:2      | Reached XP level 4. HP: 26/26 MP: 8/8
  1715 | D:2      | 1715 ||| Stepping ~*~*~tactically~*~*~ (stealth).
  1733 | D:2      | Identified the +0 ring mail of Logit {rElec Will++}
  1871 | D:2      | 1871 ||| Stepping ~*~*~tactically~*~*~ (stealth).
  1873 | D:2      | 1873 ||| Stepping ~*~*~tactically~*~*~ (stealth).
  2018 | D:2      | HP: 6/26 [gnoll/+0 halberd (10)]
  2024 | D:2      | Reached skill level 5 in Axes
  2362 | D:2      | 2362 ||| UPGRADING to +0 ring mail of Logit {rElec Will++}.
  2372 | D:2      | 2372 ||| DROPPING +0 leather armour.
  2373 | D:2      | 2373 ||| UPGRADING to +0 cloak.
  2378 | D:2      | 2378 ||| READING scroll of enchant armour.
  2378 | D:2      | 2378 ||| ENCHANTING +0 cloak.
  2379 | D:2      | 2379 ||| READING scroll labelled QAQIRA WICWOM.
  2380 | D:2      | 2380 ||| Stepping randomly (stuck).
  2381 | D:2      | 2381 ||| Stepping ~*~*~tactically~*~*~ (cloud).
  2692 | D:3      | 2692 ||| READING scroll of enchant armour.
  2692 | D:3      | 2692 ||| ENCHANTING +1 cloak.
  2704 | D:3      | Noticed a scorpion
  2712 | D:3      | HP: 5/26 [scorpion (3)]
  2713 | D:3      | Succumbed to a scorpion's poison

Levels and vault maps discovered:
D:1:      co_arrival_square_in_a_square_in_a_square, layout_basic
D:2:      layout_loops_ring
D:3:      layout_rooms, minmay_misc_feat_four_crosses, st_stairs_6

Skill      XL: |  1  2  3  4 |
---------------+-------------+-----
Axes           | 3 4 5 |  5.1
Fighting       | |  2.0
Throwing       | |  1.0
Armour         | |  1.1
Dodging        | |  2.1
Spellcasting   | |  2.0
Translocations | |  2.4

Action                   |  1- 3 |  4- 6 || total
-------------------------+-------+-------++-------
Melee: Hand axe          |    88 |    48 ||   136
       Kick              |    14 |    14 ||    28
       Peck              |    12 |     2 ||    14
Throw: Boomerang         |     7 |       ||     7
  Use: Scroll            |     2 |     3 ||     5
Armor: Leather armour    |    24 |     3 ||    27
       Ring mail         |       |     7 ||     7
Dodge: Dodged            |    44 |    20 ||    64

Table legend:
 A = Non-vault XP
 B = Vault XP
 C = Vault XP percentage of total XP
 D = Non-vault monster count
 E = Vault monster count
 F = Vault count percentage of total count
                 A         B        C        D         E       F
            +---------+---------+-------+---------+---------+-------
      Total |     132 |       0 |   0.0 |      51 |       0 |   0.0
            +---------+---------+-------+---------+---------+-------
        D:1 |      54 |       0 |   0.0 |      28 |       0 |   0.0
        D:2 |      61 |       0 |   0.0 |      20 |       0 |   0.0
        D:3 |      17 |       0 |   0.0 |       3 |       0 |   0.0
            +---------+---------+-------+---------+---------+-------
